 Dungeon Crawl Stone Soup version 0.26-a0-682-g294304f6e8 (webtiles) character file.

Game seed: 11164346387368895707

86 DogServant the Ruffian (level 4, -2/38 HPs)
             Began as a Draconian Transmuter on Oct 21, 2020.
             Splashed by a jelly's acid (5 damage)
             ... on level 2 of the Dungeon.
             The game lasted 00:02:19 (2056 turns).

DogServant the Ruffian (Draconian Transmuter)       Turns: 2056, Time: 00:02:20

Health: -2/38      AC: -7    Str: 13    XL:     4   Next: 27%
Magic:  7/7        EV: 12    Int: 13    God:
Gold:   68         SH:  0    Dex: 12    Spells: 6/7 levels left

rFire    . . .     SeeInvis .   b - +2 whip (venom)
rCold    . . .     Faith    .   (no shield)
rNeg     . . .     Spirit   .   (armour unavailable)
rPois    .         Reflect  .   (helmet restricted)
rElec    .         Harm     .   (no cloak)
rCorr    .         Rampage  .   (no gloves)
MR       .....                  (no boots)
Stlth    +.........             (no amulet)
HPRegen  0.12/turn              (no ring)
MPRegen  0.10/turn              (no ring)

@: corroded
A: unfitting armour, cold-blooded, AC +5
a: no special abilities


You were on level 2 of the Dungeon.
You visited 1 branch of the dungeon, and saw 2 of its levels.

You collected 68 gold pieces.

Inventory:

Hand Weapons
 b - a +2 whip of venom (weapon)
Jewellery
 f - an uncursed ring of wizardry {unknown}
Scrolls
 a - 2 scrolls of fog {unknown}
 c - 2 scrolls of remove curse {unknown}
 d - a scroll of magic mapping {unknown}
 e - 2 scrolls of enchant armour {unknown}
 g - 3 scrolls of identify {unknown}
 h - a scroll of teleportation {unknown}
 j - a scroll of immolation {unknown}
Potions
 i - a potion of curing {unknown}
 k - a potion of flight {unknown}


   Skills:
 + Level 3.2 Fighting
 - Level 1.7 Dodging
 + Level 4.2 Unarmed Combat
 - Level 2.0 Spellcasting
 - Level 2.0 Transmutations


You had 6 spell levels left.
You knew the following spells:

 Your Spells              Type           Power        Failure   Level
a - Beastly Appendage     Tmut           #.....       11%         1

Your spell library contained the following spells:

 Spells                   Type           Power        Failure   Level
 Wereblood                Tmut           #.......     17%         2
 Spider Form              Tmut/Pois      #.........   45%         3
 Ice Form                 Ice/Tmut       #.......     86%         4
 Blade Hands              Tmut           #.........   97%         5


Dungeon Overview and Level Annotations

Branches:
Dungeon (2/15)

Altars:


Innate Abilities, Weirdness & Mutations

Your plain brown scales are hard. (AC +5)
You cannot fit into any form of body armour.
You are cold-blooded and may be slowed by cold attacks.


Message History

a +0 club; a hobgoblin corpse The jelly hits you.
The acid corrodes you!
You are splashed with acid!
You hit the jelly but do no damage.
Your hands burn!
The jelly hits you.
You are splashed with acid.
You are too injured to fight recklessly!
A jelly is nearby!
A jelly is nearby!
You are too injured to fight recklessly!
You hit the jelly but do no damage. The acid corrodes you!
Your hands burn!
The jelly jiggles.
The jelly barely misses you.
You completely miss the jelly. The jelly closely misses you.
You hit the jelly but do no damage.
The jelly is poisoned.
Your hands burn!
The jelly hits you.
* * * LOW HITPOINT WARNING * * *
You are splashed with acid.
* * * LOW HITPOINT WARNING * * *
You hit the jelly but do no damage.
The jelly looks even sicker.
The acid corrodes you!
Your hands burn!
You die...

#.###.#......#.#.#
#...< ###..##....#
#####..#####...##....#
#....(.#.............#
#..(...#.###########.#
#........# ..#
#....##### #
#.....)).# #....###@#
#....# #.J....# ######
#......# #......#
#......# ..?..#.#
####.#.# .# #


You could see a jelly (very poisoned).

Vanquished Creatures
  A gnoll (D:1)
  An adder (D:2)
  2 oozes (D:2)
  A worm (D:2)
  4 leopard geckos
  A ball python (D:1)
  5 bats
  2 giant cockroaches (D:1)
  8 goblins
  6 hobgoblins
  10 kobolds
  2 frilled lizards (D:1)
  8 rats
51 creatures vanquished.

Notes
Turn   | Place    | Note
-------+----------+-------------------------------------------
     0 | D:1      | DogServant the Draconian Transmuter began the quest for the
                  | Orb.
     0 | D:1      | Reached XP level 1. HP: 16/16 MP: 3/3
    69 | D:1      | Reached XP level 2. HP: 9/24 MP: 5/5
   868 | D:1      | Reached XP level 3. HP: 28/30 MP: 6/6
  1511 | D:2      | Reached skill level 4 in Unarmed Combat
  1531 | D:2      | Reached XP level 4. HP: 35/38 MP: 7/7
  2056 | D:2      | Splashed by a jelly's acid

Illustrated notes

Levels and vault maps discovered:
D:1:      scummos_arrival_checkerplants, layout_loops_ring
D:2:      layout_basic, nicolae_overflow_hidden_temple

Skill      XL: |  1  2  3 |
---------------+----------+-----
Fighting       | 2 3 |  3.2
Unarmed Combat | 4 |  4.2
Dodging        | |  1.7
Spellcasting   | |  2.0
Transmutations | |  2.0

Action                   |  1- 3 |  4- 6 || total
-------------------------+-------+-------++-------
Melee: Unarmed           |    54 |       ||    54
       Tailslap          |    16 |     1 ||    17
       Kick              |     2 |       ||     2
       Punch             |     2 |     1 ||     3
       Whip              |    62 |    29 ||    91
       Headbutt          |     1 |       ||     1
 Cast: Beastly Appendage |     3 |       ||     3
 Stab: Sleeping          |       |     1 ||     1
Armor: Skin              |    33 |     2 ||    35
Dodge: Dodged            |    97 |    19 ||   116

Table legend: (Time is in decaauts)
 A = Elapsed time spent in this place.
 B = Non-inter-level travel time spent in this place.
 C = Inter-level travel time spent in this place.
 D = Time resting spent in this place.
 E = Time spent auto-exploring this place.
 F = Levels seen in this place.
 G = Mean time per level.
                   A        B        C        D        E       F      G
               +--------+--------+--------+--------+--------+-----+--------+
         Total |   2060 |   2040 |     20 |    358 |   1367 |   2 | 1030.0 |
       Dungeon |   2060 |   2040 |     20 |    358 |   1367 |   2 | 1030.0 |
               +--------+--------+--------+--------+--------+-----+--------+

Top non-repeatable levels by time:
     D:1: 1497 daAuts
     D:2: 563 daAuts
